 Dungeon Crawl Stone Soup version 0.22-a0-455-ga0624bf (webtiles) character file.

182 pkoi the Ruffian (level 5, 0/41 HPs)
             Began as a Draconian Transmuter on June 5, 2018.
             Killed from afar by a white imp (9 damage)
             ... with a puff of frost
             ... summoned by Natasha
             ... on level 3 of the Dungeon.
             The game lasted 00:05:21 (2953 turns).

pkoi the Ruffian (Draconian Transmuter)             Turns: 2953, Time: 00:05:22

Health: 0/41       AC:  8    Str: 13    XL:     5   Next: 34%
Magic:  4/8        EV: 12    Int: 14    God:
Gold:   57         SH:  0    Dex: 11    Spells: 2/8 levels left

rFire    . . .     SeeInvis .     - Unarmed
rCold    . . .     Gourm    .   (no shield)
rNeg     . . .     Faith    .   (armour unavailable)
rPois    .         Spirit   .   (helmet restricted)
rElec    .         Reflect  .   w - +0 cloak
rCorr    .         Harm     .   g - +1 pair of gloves
MR       .....                  (no boots)
Stlth    +.........             (no amulet)
HPRegen  0.13/turn              (no ring)
MPRegen  0.11/turn              (no ring)

@: very slightly contaminated, slowed, very slow
A: unfitting armour, horns 1, deterioration 1, wild magic 1, cold-blooded, AC +5
a: no special abilities


You were on level 3 of the Dungeon.
You were not hungry.

You visited 1 branch of the dungeon, and saw 3 of its levels.

You collected 57 gold pieces.

Inventory:

Missiles
 a - 36 arrows
Armour
 g - a +1 pair of gloves (worn)
 w - a +0 cloak (worn)
Magical Staves
 p - an uncursed staff of death
Wands
 s - a wand of digging (23)
Scrolls
 d - a scroll of remove curse
 k - a scroll of enchant armour
 q - 2 scrolls of identify
Potions
 e - a potion of heal wounds
 i - 2 potions of curing
Comestibles
 b - 9 chunks of flesh
 c - 9 rations


   Skills:
 - Level 2.0 Fighting
 + Level 2.3 Dodging
 + Level 4.4 Unarmed Combat
 - Level 2.0 Spellcasting
 * Level 3.7 Transmutations
 + Level 0.1 Poison Magic


You had 2 spell levels left.
You knew the following spells:

 Your Spells              Type           Power        Failure   Level  Hunger
a - Beastly Appendage     Tmut           ###...       9%          1    ##.....
b - Sticks to Snakes      Tmut           ###.....     12%         2    ###....
c - Spider Form           Tmut/Pois      #.........   41%         3    ####...

Your spell library contained the following spells:

 Spells                   Type           Power        Failure   Level  Hunger
 Blade Hands              Tmut           ###.......   87%         5    ######.
 Ice Form                 Ice/Tmut       #.......     80%         4    #####..


Dungeon Overview and Level Annotations

Branches:
Dungeon (3/15)

Altars:

Annotations:
D:3 Natasha


Innate Abilities, Weirdness & Mutations

Your plain brown scales are hard. (AC +5)
You cannot fit into any form of body armour.
You are cold-blooded and may be slowed by cold attacks.
You have a pair of small horns on your head.
Your body sometimes deteriorates upon taking damage.
Your spells are a little harder to cast, but a little more powerful.


Message History

Casting: Sticks to Snakes (safe; 12% risk of failure)
Confirm with . or Enter, or press ? or * to list all spells.
You miscast Sticks to Snakes.
You are very lightly contaminated with residual magic.
Waves of light ripple over your body.
Natasha casts a spell.
Natasha claws you.
* * * LOW HITPOINT WARNING * * *
Casting: Sticks to Snakes (safe; 12% risk of failure)
Confirm with . or Enter, or press ? or * to list all spells.
You create a snake!
You now have 36 arrows.
Natasha stares at you and mumbles some strange words.
The magic dart hits you!
* * * LOW HITPOINT WARNING * * *
The crimson imp hits you.
* * * LOW HITPOINT WARNING * * *
You closely miss Natasha. The white imp gestures at you.
The puff of frost hits you!
You die...

#.# #.# #.# #.###### #...#..# #.#
#h# #.# ##'########...#..#
#.###.# #.# #.........#......#
...##.# #.# #.........##..##.#
...##.# #.# #.........##..##.#
.).##h###'###.........##..##.####
.....5.....##.........##..##.....
...........##...5[....##..#######
.).....5...##..5@.....##..#
...........##.(h)S....##..#
###........###(#########..#
#..>.........#########..#
#.........(....)........#
#........##############.#
#........# #.####### ##########
#........ #########


You could see Natasha, a crimson imp, a white imp and a friendly water moccasin.

Vanquished Creatures
  An orc wizard (D:3)
  Terence (D:2)
  2 adders
  A gnoll (D:1)
  2 worms
  3 dart slugs (D:1)
  3 leopard geckos
  7 orcs (D:3)
  6 bats
  3 giant cockroaches
  7 goblins
  8 hobgoblins
  2 frilled lizards (D:1)
  7 kobolds
  6 rats
59 creatures vanquished.

Vanquished Creatures (collateral kills)
  Crazy Yiuf (D:2)
  A worm (D:2)
2 creatures vanquished.

Grand Total: 61 creatures vanquished

Notes
Turn   | Place    | Note
-------+----------+-------------------------------------------
     0 | D:1      | pkoi the Draconian Transmuter began the quest for the Orb.
     0 | D:1      | Reached XP level 1. HP: 16/16 MP: 3/3
   422 | D:1      | Reached XP level 2. HP: 23/23 MP: 5/5
   644 | D:1      | Learned a level 2 spell: Sticks to Snakes
   940 | D:1      | Reached skill level 4 in Unarmed Combat
   940 | D:1      | Reached XP level 3. HP: 14/28 MP: 6/6
  1304 | D:2      | Noticed Terence
  1462 | D:2      | Killed Terence
  1638 | D:2      | Reached XP level 4. HP: 35/35 MP: 7/7
  2045 | D:2      | Found a runed door.
  2504 | D:2      | Noticed Crazy Yiuf
  2512 | D:2      | Killed Crazy Yiuf
  2664 | D:3      | Gained mutation: Your body sometimes deteriorates upon taking damage. [potion of mutation]
  2664 | D:3      | Gained mutation: You have a pair of small horns on your head. [potion of mutation]
  2664 | D:3      | Gained mutation: Your spells are a little harder to cast, but a little more powerful. [potion of mutation]
  2739 | D:3      | Reached XP level 5. HP: 34/41 MP: 8/8
  2903 | D:3      | Learned a level 3 spell: Spider Form
  2917 | D:3      | Noticed Natasha
  2953 | D:3      | Killed from afar by a white imp

Vault maps used:
D:1:      dpeg_arrival_leaves_temple_mockup,
          hangedman_abyss_or_decor_lesser_grid
D:2:      minmay_misc_feat_rows, uniq_crazy_yiuf_cottage, uniq_terence
D:3:      tso_oasis_becter, chequers_ecumenical_altar_simple_redux,
          minmay_fountain_box, uniq_natasha

Skill      XL: |  1  2  3  4  5 |
---------------+----------------+-----
Unarmed Combat | 4 |  4.4
Transmutations | 3 |  3.7
Dodging        | 2 |  2.3
Fighting       | 2 |  2.0
Spellcasting   | |  2.0
Poison Magic   | |  0.1

Action                   |  1- 3 |  4- 6 || total
-------------------------+-------+-------++-------
Melee: Unarmed           |    92 |   134 ||   226
       Tailslap          |    10 |    10 ||    20
       Punch             |     1 |     1 ||     2
       Headbutt          |       |     2 ||     2
 Cast: Sticks to Snakes  |     2 |     7 ||     9
  Use: Scroll            |       |     8 ||     8
       Potion            |       |     7 ||     7
 Stab: Distracted        |     1 |     1 ||     2
       Sleeping          |     1 |       ||     1
  Eat: Chunk             |     2 |     5 ||     7
Armor: Skin              |    17 |    58 ||    75
Dodge: Dodged            |    44 |    85 ||   129

Table legend:
 A = Spawn XP
 B = Non-spawn XP
 C = Spawn XP percentage of total XP
 D = Spawn monster count
 E = Non-spawn monster count
 F = Spawn count percentage of total count
 G = Total turns spent on level
                    A         B        C        D         E        F      G
               +---------+---------+-------+---------+---------+-------+---------
         Total |       0 |     260 |   0.0 |       0 |      61 |   0.0 |  2953
               +---------+---------+-------+---------+---------+-------+---------
           D:1 |       0 |      57 |   0.0 |       0 |      22 |   0.0 |  1239
           D:2 |       0 |     125 |   0.0 |       0 |      27 |   0.0 |  1322
           D:3 |       0 |      78 |   0.0 |       0 |      12 |   0.0 |   392
               +---------+---------+-------+---------+---------+-------+---------
